 Dungeon Crawl Stone Soup version 0.29.1-15-g9cfb28693d (webtiles) character file.

Game seed: 10443762380199017446

88 Omnicron the Grasshopper (level 4, -1/36 HPs)
             Began as a Palentonga Warper on Mar 4, 2023.
             Slain by an adder (4 damage)
             ... on level 2 of the Dungeon.
             The game lasted 00:13:38 (2713 turns).

Omnicron the Grasshopper (Palentonga Warper)        Turns: 2713, Time: 00:13:39

Health: -1/36      AC:  5    Str: 16    XL:     4   Next: 30%
Magic:  4/7        EV:  9    Int: 14    God:
Gold:   104        SH:  0    Dex: 11    Spells: 6/8 levels left

rFire   . . .      SeeInvis +   a - +0 hand axe
rCold   . . .      Faith    .   (no shield)
rNeg    . . .      Spirit   .   b - +0 leather armour
rPois   .          Reflect  .   (no helmet)
rElec   .          Harm     .   (no cloak)
rCorr   .          Rampage  .   k - +0 pair of gloves
Will    .....                   (no barding)
Stlth   +.........              (no amulet)
HPRegen 0.12/turn               (no ring)
MPRegen 0.10/turn               (no ring)

@: lethally poisoned (-1 -> -4), on blink cooldown
A: large, rugged brown scales 3, see invisible, deformed body, roll 1, armoured
tail
a: Rolling Charge


You were on level 2 of the Dungeon.
You visited 1 branch of the dungeon, and saw 2 of its levels.

You collected 104 gold pieces.

Inventory:

Hand Weapons
 a - a +0 hand axe (weapon)
Missiles
 d - 7 boomerangs of dispersal
 o - 4 boomerangs
Armour
 b - a +0 leather armour (worn)
 k - a +0 pair of gloves (worn)
Scrolls
 f - a scroll of magic mapping {unknown}
 g - 3 scrolls of enchant weapon {unknown}
 h - a scroll of enchant armour {unknown}
 i - a scroll of poison {unknown}
 j - a scroll of fear {unknown}
 n - a scroll of identify {unknown}
Potions
 e - a potion of lignification {unknown}
 l - a potion of haste {unknown}
 m - a potion of cancellation {unknown}
 p - a potion of heal wounds {unknown}
 q - a potion of mutation {unknown}
 r - 2 potions of might {unknown}


   Skills:
 + Level 2.4 Fighting
 + Level 2.5 Axes
 - Level 0.6 Throwing
 + Level 1.4 Armour
 + Level 2.0 Dodging
 + Level 2.5 Spellcasting
 + Level 3.5 Translocations


You had 6 spell levels left.
You knew the following spells:

 Your Spells              Type           Power      Damage    Failure   Level
a - Blink                 Tloc           22%        N/A       10%         2

Your spell library contained the following spells:

 Spells                   Type           Power      Damage    Failure   Level
 Gell's Gravitas          Tloc           11%        N/A       21%         3
 Lesser Beckoning         Tloc           11%        N/A       21%         3
 Teleport Other           Tloc           11%        N/A       21%         3
 Manifold Assault         Tloc           11%        N/A       88%         5


Dungeon Overview and Level Annotations

Branches:
Dungeon (2/15)

Altars:


Innate Abilities, Weirdness & Mutations

You are completely covered in rugged brown scales. (AC +3, +7% HP)
You have supernaturally acute eyesight. (SInv)
Armour fits poorly on your strangely shaped body.
You can roll at nearby foes to attack.
You have a long armoured tail.


Message History

You barely miss the adder.
Your tail-slap misses the adder.
You closely miss the adder.
You feel sick. The adder barely misses you.
The adder bites you but does no damage. x2
Casting: Blink (safe; 10% risk of failure)
Confirm with . or Enter, or press ? or * to list all spells.
You blink.
You feel sick.
You feel sick.
You are no longer poisoned.
The adder bites you. The adder barely misses you.
The adder bites you but does no damage. The adder barely misses you.
You hit the adder but do no damage. You hit the adder. The adder bites you.
You are poisoned.
The adder poisons you! The adder bites you.
You miss the adder.
Your tail-slap misses the adder.
You hit the adder.
You feel sick. The adder barely misses you.
The adder bites you but does no damage. The adder bites you.
You are more poisoned.
The adder poisons you! The adder bites you but does no damage.
You hit the adder.
You kill the adder!
You barely miss the adder.
You feel stable enough to blink again.
* * * LOW HITPOINT WARNING * * *
You feel very sick. The adder barely misses you.
Casting: Blink (safe; 10% risk of failure)
Confirm with . or Enter, or press ? or * to list all spells.
You blink.
* * * LOW HITPOINT WARNING * * *
You feel sick. The adder closely misses you.
You miss the adder.
* * * LOW HITPOINT WARNING * * *
You feel sick. The adder bites you.
* * * LOW HITPOINT WARNING * * *
The adder barely misses you.
You slash the adder! Your punch misses the adder.
The adder is severely wounded.
* * * LOW HITPOINT WARNING * * *
You feel sick. The adder bites you.
You die...

# # #. ### ########## #.#..
.......... ..#.# ##.####### #...#
##..################..###########
#.....#....##.........#..##......
#.#...#.##.†##..##.......##..##.#
..#.#.#..##..##.@##...##.).S.##.#
..#.#.....##..##S.##S.##.).#....#
....#......##..§...##....#....###
###############################


You could see an adder.

Vanquished Creatures
  Terence (D:2)
  An adder (D:2)
  An ufetubus (D:2)
  A dart slug (D:1)
  4 endoplasms
  A giant cockroach (D:2)
  6 goblins
  3 hobgoblins
  11 kobolds
  2 quokkas
  5 ball pythons
  3 bats (D:2)
  A frilled lizard (D:2)
  4 rats
44 creatures vanquished.

Vanquished Creatures (others)
  2 plants (D:2)
2 creatures vanquished.

Grand Total: 46 creatures vanquished

Notes
Turn   | Place    | Note
-------+----------+-------------------------------------------
     0 | D:1      | Omnicron the Palentonga Warper began the quest for the Orb.
     0 | D:1      | Reached XP level 1. HP: 17/17 MP: 3/3
   130 | D:1      | Reached XP level 2. HP: 23/23 MP: 5/5
   146 | D:1      | Learned a level 2 spell: Blink
   412 | D:1      | Reached skill level 1 in Armour
  1762 | D:2      | Reached XP level 3. HP: 28/28 MP: 6/6
  1895 | D:2      | Noticed Terence
  2354 | D:2      | Killed Terence
  2355 | D:2      | Reached XP level 4. HP: 13/36 MP: 3/7
  2713 | D:2      | Slain by an adder

Illustrated notes

Levels and vault maps discovered:
D:1:      lightli_arrival_quake, layout_loops_corners, serial_co_window_serial,
          co_window_corner_a, co_window_corner_a, co_window_paths_b,
          co_window_corner_a, co_window_paths_b, co_window_broadway_c,
          co_window_corner_cb, co_window_broadway_a, co_window_corner_b,
          co_window_of_opportunity_c, co_window_corner_b, co_window_paths_c,
          co_window_4corner_a, co_window_paths_d, glass_columns_a
D:2:      minmay_thinvault, layout_basic, basic_altar,
          shapermc_ecumenical_altar_petra, serial_forest,
          infiniplex_forest_corner_1, infiniplex_forest_clump_C,
          infiniplex_forest_end_2, infiniplex_forest_end_2,
          infiniplex_forest_end_3, dk_noncrumbling_2, reono_crystal_passage,
          uniq_robin, uniq_jessica, uniq_terence

Skill      XL: |  1  2  3 |
---------------+----------+-----
Armour         | 1 |  1.4
Dodging        | 2 |  2.0
Fighting       | |  2.4
Axes           | |  2.5
Throwing       | |  0.6
Spellcasting   | |  2.5
Translocations | |  3.5

Action                   |  1- 3 |  4- 6 || total
-------------------------+-------+-------++-------
Melee: Hand axe          |    81 |    32 ||   113
       Tailslap          |    11 |       ||    11
       Punch             |     1 |       ||     1
 Cast: Blink             |     4 |     3 ||     7
 Abil: Rolling Charge    |    27 |     5 ||    32
  Use: Scroll            |     1 |       ||     1
Armor: Leather armour    |    23 |    22 ||    45
Dodge: Dodged            |    35 |    18 ||    53
